 Dungeon Crawl Stone Soup version 0.26.1-11-gd32895ea62 (webtiles) character file.

Game seed: 16538189375731957755

1117 derath95 the Grave Robber (level 8, -5/56 HPs)
             Began as a Vampire Necromancer on Apr 15, 2021.
             Killed by divine providence
             ... invoked by an orc priest
              (14 damage)
             ... on level 6 of the Dungeon.
             The game lasted 00:36:56 (4787 turns).

derath95 the Grave Robber (Vampire Necromancer)     Turns: 4787, Time: 00:36:57

Health: -5/56      AC: 15    Str:  7    XL:     8   Next: 12%
Magic:  13/13      EV: 11    Int: 24    God:
Gold:   347        SH:  0    Dex: 16    Spells: 9/14 levels left

rFire    + . .     SeeInvis +   w - +7 long sword "Vidwats" {vorpal, Int+2}
rCold    . . .     Faith    .   (no shield)
rNeg     . . .     Spirit   .   q - +6 ring mail of the Jolly Ships {rCorr}
rPois    .         Reflect  .   (helmet restricted)
rElec    .         Harm     .   (no cloak)
rCorr    +         Rampage  .   d - +0 pair of gloves
Will     .....                  t - +2 pair of boots
Stlth    ++........             A - amulet of magic regeneration
HPRegen  0.38/turn              j - ring of protection from fire
MPRegen  0.38/turn              (no ring)

@: regenerating quickly, slowed, invisible, very slow
A: antennae 1, fangs 3, see invisible, agile 1, clever 1, unbreathing
a: Exsanguinate


You were on level 6 of the Dungeon.
You visited 1 branch of the dungeon, and saw 6 of its levels.

You collected 347 gold pieces.

Inventory:

Hand Weapons
 m - a +1 spear of venom
 n - a +0 short sword
 w - the +7 long sword "Vidwats" (weapon) {vorpal, Int+2}
   (You found it on level 4 of the Dungeon)

   It inflicts extra damage upon your enemies.
   It affects your intelligence (+2).
Armour
 a - a +0 robe
 d - a +0 pair of gloves (worn)
 e - a +1 scale mail
 p - a +0 cloak
 q - the +6 ring mail of the Jolly Ships (worn) {rCorr}
   (You found it on level 5 of the Dungeon)

   It provides partial protection from all sources of acid and corrosion.
 t - a +2 pair of boots (worn)
 u - a scarf of shadows
Jewellery
 j - a ring of protection from fire (left hand)
 y - an uncursed ring of ice
 A - an amulet of magic regeneration (around neck)
Wands
 h - a wand of flame (17)
 s - a wand of disintegration (11)
 v - a wand of paralysis (6)
Scrolls
 b - 2 scrolls of remove curse
 f - 3 scrolls of enchant weapon {unknown}
 g - a scroll of enchant armour
 k - a scroll of magic mapping {unknown}
 l - 2 scrolls of teleportation
 o - 2 scrolls of noise {unknown}
 r - 5 scrolls of identify
 x - 2 scrolls of amnesia
Potions
 c - 2 potions of might
 z - a potion of berserk rage


   Skills:
 + Level 2.1 Fighting
 + Level 2.9(3.8) Short Blades
 + Level 3.4(3.9) Long Blades
 + Level 2.6 Armour
 + Level 4.1 Dodging
 + Level 4.2 Stealth
 + Level 1.7 Unarmed Combat
 * Level 3.6 Spellcasting
 + Level 5.9 Necromancy
 * Level 1.8 Evocations


You had 9 spell levels left.
You knew the following spells:

 Your Spells              Type           Power        Failure   Level
a - Pain                  Necr           100%         2%          1
b - Animate Skeleton      Necr           64%          2%          1
c - Vampiric Draining     Necr           16%          9%          3

Your spell library contained the following spells:

 Spells                   Type           Power        Failure   Level
 Animate Dead             Necr           16%          28%         4
 Beastly Appendage        Tmut           8%           32%         1
 Magic Dart               Conj           16%          32%         1
 Blink                    Tloc           N/A          45%         2
 Call Imp                 Summ           4%           45%         2
 Slow                     Hex            4%           45%         2
 Wereblood                Tmut           4%           45%         2
 Agony                    Necr           32%          61%         5
 Conjure Flame            Conj/Fire      4%           69%         3
 Mephitic Cloud           Conj/Pois/Air  4%           69%         3
 Spider Form              Tmut/Pois      2%           69%         3
 Ice Form                 Ice/Tmut       4%           97%         4
 Blade Hands              Tmut           2%           100%        5


Dungeon Overview and Level Annotations

Branches:
Dungeon (6/15)
 Temple: D:4-7

Altars:
Cheibriados
Makhleb
Nemelex Xobeh
Vehumet
Wu Jian
Xom


Innate Abilities, Weirdness & Mutations

Your natural rate of healing is unusually fast.
You have razor-sharp teeth.
You have supernaturally acute eyesight. (SInv)
You can survive without breathing.
You have a pair of small antennae on your head.
You are agile. (Dex +2)
Your mind is acute. (Int +2)


Message History

The orc warrior barely misses you.
The orc priest hits your orc skeleton with a +0 hand axe.
The orc wizard gestures wildly while chanting.
The orc wizard blinks!
The orc priest mumbles some strange prayers to Beogh against you.
Beogh smites you!
* * * LOW HITPOINT WARNING * * *
Your orc skeleton hits the orc warrior but does no damage.
The orc warrior hits your orc skeleton with a +0 glaive!!
Your orc skeleton is destroyed!
The orc priest casts a cantrip, but nothing happens.
The orc priest mumbles some strange prayers to Beogh against you.
Beogh smites you!
* * * LOW HITPOINT WARNING * * *
The orc wizard casts a spell.
The orc wizard seems to speed up.
You fade into invisibility!
The orc priest invokes the aid of Beogh against you.
Beogh smites you!
You die...

#####.#####.#.###....#.#
............#...<....#.#
#####.##############.#.#
.†............ ..#.####
#####.######## ###..$..
#.# ##... #)######## ...
.
#.).)....#######o##....
#..........)@.ooo.lo...
##......^##########....
#.......# .
#.......#####
#...........#
######......# #......#
#......# #......#


You could see an orc warrior, 2 orc priests, an orc wizard (fast), an orc and a
leopard gecko.

Vanquished Creatures
  A phantom (D:4)
  2 ogres
  A centaur (D:6)
  2 bullfrogs (D:6)
  A water moccasin zombie (D:3)
  A scorpion (D:5)
  2 jellies (D:5)
  2 hounds (D:4)
  Jessica (D:2)
  An iguana (D:6)
  5 orc wizards
  3 worker ants
  A howler monkey skeleton (D:5)
  2 adders
  An ufetubus (D:5)
  6 worms
  2 dart slugs
  2 leopard geckos
  19 orcs
  5 giant cockroaches
  7 goblins
  9 hobgoblins
  2 jackals (D:4)
  11 kobolds
  2 quokkas
  12 bats
  10 frilled lizards
  A quokka skeleton (D:4)
  7 rats
121 creatures vanquished.

Notes
Turn   | Place    | Note
-------+----------+-------------------------------------------
     0 | D:1      | derath95 the Vampire Necromancer began the quest for the
                  | Orb.
     0 | D:1      | Reached XP level 1. HP: 13/13 MP: 3/3
   459 | D:1      | Reached XP level 2. HP: 3/19 MP: 1/5
   964 | D:1      | Reached skill level 1 in Unarmed Combat
  1150 | D:2      | Reached XP level 3. HP: 8/24 MP: 6/6
  1211 | D:2      | Found a sparkling altar of Nemelex Xobeh.
  1217 | D:2      | Found a burning altar of Makhleb.
  1223 | D:2      | Found a shimmering altar of Xom.
  1472 | D:2      | Found an ornate altar of the Wu Jian Council.
  1531 | D:2      | Noticed Jessica
  1539 | D:2      | Killed Jessica
  1540 | D:2      | Reached skill level 5 in Necromancy
  1540 | D:2      | Reached XP level 4. HP: 28/30 MP: 2/7
  1576 | D:2      | Learned a level 1 spell: Animate Skeleton
  1580 | D:2      | Learned a level 3 spell: Vampiric Draining
  1873 | D:3      | Found a snail-covered altar of Cheibriados.
  2309 | D:3      | Reached skill level 1 in Short Blades
  2309 | D:3      | Reached skill level 1 in Armour
  2309 | D:3      | Reached XP level 5. HP: 7/36 MP: 8/8
  2558 | D:3      | You fall into a shaft and drop 2 floors!
  2558 | D:5      | Entered Level 5 of the Dungeon
  2558 | D:5      | Found a radiant altar of Vehumet.
  3219 | D:4      | Got an ancient long sword
  3220 | D:4      | Identified the +7 long sword "Vidwats" {vorpal, Int+2} (You
                  | found it on level 4 of the Dungeon)
  3243 | D:4      | Noticed an ogre
  3256 | D:4      | Killed an ogre
  3257 | D:4      | Reached skill level 1 in Fighting
  3257 | D:4      | Reached XP level 6. HP: 8/43 MP: 7/9
  3276 | D:4      | Gained mutation: You are agile. (Dex +2) [potion of
                  | mutation]
  3276 | D:4      | Gained mutation: Your mind is acute. (Int +2) [potion of
                  | mutation]
  3276 | D:4      | Gained mutation: You have a pair of small antennae on your
                  | head. [potion of mutation]
  3698 | D:4      | Reached skill level 1 in Long Blades
  3698 | D:4      | Reached XP level 7. HP: 22/48 MP: 10/10
  3952 | D:5      | Got a bronze ring mail
  3959 | D:5      | Identified the +6 ring mail of the Jolly Ships {rCorr} (You
                  | found it on level 5 of the Dungeon)
  4377 | D:5      | Reached skill level 1 in Evocations
  4649 | D:6      | Reached XP level 8. HP: 51/56 MP: 13/13
  4787 | D:6      | Killed from afar by an orc priest

Illustrated notes

Levels and vault maps discovered:
D:1:      dpeg_arrival_circle_labyrinth_b, layout_basic,
          wander_ebering_terrifying_dragon_lair
D:2:      layout_rooms, nicolae_overflow_hidden_temple,
          grunt_temple_overflow_diamond, uniq_jessica
D:3:      layout_basic, cheibriados_altar_1, serial_corexii_hall,
          chequers_hall_statues_y, corexii_hall_statues_i,
          chequers_serial_rivers_micro_b, roderic_lattice_a, minmay_fountain_box
D:4:      layout_loops_ring, minmay_misc_feat_chi
D:5:      lemuel_upstairs_altar, layout_basic, minmay_strange_pillars,
          vehumet_altar_wand_db
D:6:      layout_basic, minmay_temple_entry_stoned_glass, uniq_menkaure,
          uniq_grinder

Skill      XL: |  1  2  3  4  5  6  7 |
---------------+----------------------+-----
Unarmed Combat | 1 |  1.7
Dodging        | 3 4 |  4.1
Necromancy     | 5 |  5.9
Short Blades   | 1 2 |  2.9
Armour         | 1 2 |  2.6
Fighting       | 1 2 |  2.1
Long Blades    | 1 3 |  3.4
Spellcasting   | 3 |  3.6
Stealth        | 4 |  4.2
Evocations     | 1 |  1.8

Action                   |  1- 3 |  4- 6 |  7- 9 || total
-------------------------+-------+-------+-------++-------
Melee: Unarmed           |   222 |       |       ||   222
       Bite              |    20 |    21 |     3 ||    44
       Short sword       |    11 |   192 |       ||   203
       Punch             |     1 |     2 |     1 ||     4
       Long sword        |       |    51 |    81 ||   132
 Cast: Pain              |    11 |     3 |     4 ||    18
       Animate Skeleton  |       |       |     1 ||     1
  Use: Scroll            |       |     7 |     2 ||     9
       Potion            |       |     7 |     1 ||     8
 Stab: Sleeping          |     1 |       |     3 ||     4
Armor: Robe              |     7 |       |       ||     7
       Scale mail        |    88 |   139 |     7 ||   234
       Ring mail         |       |       |    36 ||    36
Dodge: Dodged            |   122 |   122 |    51 ||   295
       Rpst.: Long sword |       |     7 |    17 ||    24
